 Dungeon Crawl Stone Soup version 0.16-a0-3055-gf5291b4 (webtiles) character file.

107 RobertPalmer the Bolt Thrower (level 4, 0/22 HPs)
             Began as a Tengu Arcane Marksman on Dec 9, 2014.
             Slain by asdu's ghost (1 damage)
             ... on level 3 of the Dungeon.
             The game lasted 00:06:47 (2611 turns).

RobertPalmer the Bolt Thrower (TeAM)                Turns: 2611, Time: 00:06:47

Health: 0/22       AC:  7    Str: 11    XL:     4   Next: 86%
Magic:  6/6        EV: 19    Int: 12    God:
Gold:   174        SH:  0    Dex: 19    Spells: 2 memorised, 2 levels left

rFire  + . .     SeeInvis .     (no weapon)
rCold  . . .     Clarity  .     q - +2 ring mail {rF+}
rNeg   . . .     SustAb   .     (no shield)
rPois  .         Gourm    .     (helmet restricted)
rElec  .         Spirit   .     (no cloak)
rCorr  .         Warding  .     (no gloves)
rMut   .         Stasis   .     (boots unavailable)
MR     .....                    (no amulet)
Stlth  +.........               (no ring)
                                h - +3 ring of evasion

@: confused, agile, not resistant to hostile enchantments, very unstealthy
A: beak, talons 3, dopey 1, frail 1, placid magic 1
a: no special abilities


You were on level 3 of the Dungeon.
You were not hungry.

You visited 1 branch of the dungeon, and saw 3 of its levels.

You collected 174 gold pieces.


Innate Abilities, Weirdness & Mutations

You have a beak for a mouth.
You have claws for feet.
You are dopey. (Int -2)
You are frail (-10% HP).
Your spells are a little easier to cast, but a little less powerful.


   Skills:
 - Level 1.0 Fighting
 + Level 5.3 Crossbows
 - Level 2.1 Dodging
 - Level 1.0 Spellcasting
 - Level 2.1 Hexes


You had 2 spell levels left.
You knew the following spells:

 Your Spells              Type           Power        Failure   Level  Hunger
z - Slow                  Hex            #.......     24%         2    ###....
Z - Corona                Hex            #......      13%         1    ##.....

Inventory:

Hand weapons
 b - a +0 hand crossbow
Missiles
 p - 19 poisoned needles
Armour
 a - a +0 robe
 q - a +2 ring mail of fire resistance (worn)
Jewellery
 h - a +3 ring of evasion (left hand)
Scrolls
 e - 3 scrolls of recharging {unknown}
 g - a scroll of enchant armour {unknown}
 k - 2 scrolls of remove curse
 n - 2 scrolls of identify {unknown}
 o - a scroll of magic mapping {unknown}
Books
 d - a book of Debilitation
Comestibles
 f - 5 bread rations
 l - 2 meat rations

Dungeon Overview and Level Annotations

Branches:
Dungeon (3/15)

Altars:
Ashenzari
Dithmenos
Nemelex Xobeh
Qazlal
Sif Muna
Vehumet

Annotations:
D:3 Jessica; asdu's ghost, average VSCj

############### #.............#
#.###########.# #.#.........#.#
#.........#.#.#
###########(#####.#.#.#
#....WQ{g(.....##.#.#.#
#.#########.##.##.#.#.# #.#
#.<#.##.#.#.# #######.#
#..#.##.#.#.# #.....#'####
#..#.##.#.#.# #..........#
#..#.#....#.# ###.#..........#
#..#.######.# ....#..........#
#..#.....†..#
#####.....#'#####################


You could see asdu's ghost and a hobgoblin.


Message History

You hear some strange, mumbled words.
The magic dart hits you!
* * * LOW HITPOINT WARNING * * *
Asdu's ghost hits you.
* * * LOW HITPOINT WARNING * * *
You bump into the rock wall.
Something hits you.
* * * LOW HITPOINT WARNING * * *
Asdu's ghost completely misses you.
You barely miss something. Asdu's ghost hits you.
* * * LOW HITPOINT WARNING * * *
You miss something. You claw something.
Asdu's ghost hits you but does no damage.
You miss something. You claw something. Asdu's ghost barely misses you.
You hit asdu's ghost but do no damage.
You peck asdu's ghost, but do no damage.
Asdu's ghost barely misses you.
You bump into the rock wall.
Asdu's ghost hits you but does no damage.
You barely miss something. You claw something.
You hear some strange, mumbled words.
You are more confused.
Asdu's ghost barely misses you.
You miss something. You claw something. Asdu's ghost completely misses you.
You completely miss something. Asdu's ghost completely misses you.
Something hits you.
* * * LOW HITPOINT WARNING * * *
You hit asdu's ghost but do no damage.
You claw asdu's ghost, but do no damage.
Asdu's ghost hits you.
You die...

Action                   |  1- 3 |  4- 6 || total
-------------------------+-------+-------++-------
Melee: Unarmed           |       |     8 ||     8
 Fire: Hand crossbow     |    84 |    62 ||   146
 Cast: Corona            |     1 |       ||     1
       Slow              |       |     2 ||     2
  Use: Potion            |     3 |     3 ||     6
       Scroll            |     1 |       ||     1
  Eat: Chunk             |     2 |     2 ||     4
       Beef jerky        |       |     2 ||     2

Vault maps used:
D:1:      scummos_arrival_forest
D:2:      first_bread, uniq_terence
D:3:      grunt_temple_overflow_open, nicolae_dithmenos_shadow_blocks,
          uniq_jessica

Notes
Turn   | Place    | Note
--------------------------------------------------------------
     0 | D:1      | RobertPalmer, the Tengu Arcane Marksman, began the quest for the Orb.
     0 | D:1      | Reached XP level 1. HP: 12/12 MP: 2/2
    59 | D:1      | Reached skill level 3 in Crossbows
    59 | D:1      | Reached XP level 2. HP: 16/16 MP: 4/4
   523 | D:2      | Noticed Terence
   788 | D:2      | Reached XP level 3. HP: 20/20 MP: 5/5
  1093 | D:2      | Reached skill level 4 in Crossbows
  1220 | D:2      | Killed Terence
  1604 | D:2      | Reached XP level 4. HP: 25/25 MP: 6/6
  1760 | D:3      | Learned a level 2 spell: Slow
  1906 | D:3      | Found a radiant altar of Vehumet.
  1907 | D:3      | Found a stormy altar of Qazlal.
  1907 | D:3      | Found a sparkling altar of Nemelex Xobeh.
  2236 | D:3      | Reached skill level 5 in Crossbows
  2237 | D:3      | Found a shattered altar of Ashenzari.
  2240 | D:3      | Noticed Jessica
  2356 | D:3      | Found a deep blue altar of Sif Muna.
  2451 | D:3      | Found a shadowy altar of Dithmenos.
  2471 | D:3      | Noticed asdu's ghost (average VSCj)
  2589 | D:3      | Gained mutation: Your spells are a little easier to cast, but a little less powerful. [potion of mutation]
  2589 | D:3      | Gained mutation: You are frail (-10% HP). [potion of mutation]
  2589 | D:3      | Gained mutation: You are dopey. (Int -2) [potion of mutation]
  2610 | D:3      | HP: 1/22 [something (3)]
  2611 | D:3      | Slain by asdu's ghost

Vanquished Creatures
  Terence (D:2)
  2 adders (D:3)
  4 worms
  2 giant geckos (D:1)
  3 orcs (D:3)
  A ball python (D:2)
  3 bats (D:3)
  6 goblins
  5 hobgoblins
  6 jackals
  An ooze (D:3)
  2 giant cockroaches
  2 giant newts
  3 kobolds
  A quokka (D:2)
  8 rats
50 creatures vanquished.
